 Dungeon Crawl Stone Soup version 0.28-a0-1159-g27aa881441 (webtiles) character file.

Game seed: 1048564953840148293

729 browni3141 the Carver (level 8, 0/87 HPs)
             Began as a Formicid Fighter on Dec 16, 2021.
             Was a Follower of Okawaru.
             Succumbed to a killer bee's poison
             ... on level 5 of the Dungeon.
             The game lasted 00:06:20 (4962 turns).

browni3141 the Carver (Formicid Fighter)            Turns: 4962, Time: 00:06:20

Health: 0/87       AC: 24    Str: 24    XL:     8   Next: 3%
Magic:  8/8        EV:  2    Int:  7    God:    Okawaru [*.....]
Gold:   193        SH:  4    Dex: 10    Spells: 7/7 levels left

rFire   + . .      SeeInvis .   a - +0 long sword
rCold   + . .      Faith    .   c - +0 buckler
rNeg    . . .      Spirit   .   (armour currently unavailable)
rPois   +          Reflect  .   (helmet unavailable)
rElec   +          Harm     .   (cloak currently unavailable)
rCorr   +          Rampage  .   (gloves currently unavailable)
Will    +....                   (boots currently unavailable)
Stlth   +.........              t - amulet of magic regeneration
HPRegen 0.24/turn               j - ring of resist corrosion
MPRegen 0.51/turn               q - ring of willpower

@: mighty, lethally poisoned (0 -> -1), tree-form, resistant, invisible
A: stationary, stasis, torment immunity, boosted hp, permanent stasis, dig
shafts and tunnels, (antennae 3), four strong arms
a: Renounce Religion, Heroism


You were on level 5 of the Dungeon.
You worshipped Okawaru.
Okawaru was aware of your devotion.
You were a tree.
You visited 1 branch of the dungeon, and saw 5 of its levels.

You collected 193 gold pieces.

Inventory:

Hand Weapons
 a - a +0 long sword (weapon)
Missiles
 m - 54 bolts
Armour
 b - a +0 scale mail (melded)
 c - a +0 buckler (worn)
 k - a +0 pair of gloves (melded)
Jewellery
 j - a ring of resist corrosion (left branch)
 q - a ring of willpower (right branch)
 t - an amulet of magic regeneration (around neck)
Wands
 s - a wand of iceblast (7)
 u - a wand of polymorph (6)
Scrolls
 f - 2 scrolls of enchant weapon {unknown}
 g - a scroll of acquirement {unknown}
 i - 6 scrolls of identify {unknown}
 l - a scroll of enchant armour {unknown}
 p - 5 scrolls of teleportation {unknown}
 v - a scroll of noise {unknown}
Potions
 e - a potion of invisibility
 n - a potion of flight {unknown}
 o - a potion of lignification
 r - a potion of mutation {unknown}
 w - a potion of attraction {unknown}
 x - a potion of curing {unknown}


   Skills:
 - Level 3.2 Fighting
 * Level 8.5 Long Blades
 - Level 3.2 Armour
 - Level 3.6 Shields


You had 7 spell levels left.
You didn't know any spells.
Your spell library contained the following spells:

 Spells                   Type           Power      Damage    Failure   Level
 Dispersal                Tloc           0%         N/A       100%        6
 Disjunction              Tloc           0%         N/A       100%        8


Dungeon Overview and Level Annotations

Branches:
Dungeon (5/15)
 Temple: D:4-7

Altars:
Okawaru

Annotations:
D:2 1 runed translucent door, Crazy Yiuf


Innate Abilities, Weirdness & Mutations

You are a tree.
Your roots penetrate the ground, keeping you stationary.
You cannot be teleported.
You are immune to unholy pain and torment.
Your maximum health is greatly increased.
Your equipment is partially melded.
You cannot be hasted, slowed, berserked, paralysed or teleported.
You can dig through walls and to a lower floor.
((You have a pair of large antennae on your head. (SInv)))
Your four strong arms can wield two-handed weapons with a shield.


Message History

You closely miss the killer bee.
You feel very sick. The killer bee stings you.
You block the killer bee's attack.
You hit the killer bee.
The killer bee is lightly wounded.
You feel very sick.
The killer bee stings you but does no damage.
The killer bee stings you.
* * * LOW HITPOINT WARNING * * *
It was a potion of invisibility.
You fade into invisibility!
* * * LOW HITPOINT WARNING * * *
You feel sick.
The killer bee stings you but does no damage.
You block the killer bee's attack.
Unknown command.
* * * LOW HITPOINT WARNING * * *
You feel sick. The killer bee closely misses you.
* * * LOW HITPOINT WARNING * * *
You feel sick. The killer bee misses you.
* * * LOW HITPOINT WARNING * * *
You feel sick. The killer bee misses you.
* * * LOW HITPOINT WARNING * * *
You feel sick.
The killer bee stings you but does no damage.
Things that are here:
a +0 war axe; an orc corpse
* * * LOW HITPOINT WARNING * * *
You feel sick. The killer bee stings you.
* * * LOW HITPOINT WARNING * * *
It was a potion of lignification.
You turn into a tree.
Your +0 pair of gloves melds into your body.
Your +0 scale mail melds into your body.
Your roots penetrate the ground.
* * * LOW HITPOINT WARNING * * *
You feel sick.
The killer bee stings you but does no damage. x2
It was a potion of resistance.
You feel protected.
You die...

. #..........##.....#
..##..............#.##.
............##....#....
............y##........
............#y.......#
...........####......#
..........##.#yy....##
...........##y#......#
..........##♣##.....##
..###...#.....>.###.# .
##..#......## ..#
#..........# ...
#...<.......## ..
..............####.
...................
................. .
...............###..


You could see 3 killer bees.

Vanquished Creatures
  A sky beast (D:5)
  A necrophage (D:4)
  A centaur (D:5)
  A water moccasin zombie (D:5)
  A scorpion (D:2)
  A killer bee (D:5)
  A jelly (D:4)
  A hound (D:4)
  An orc priest (D:4)
  Jessica (D:2)
  2 iguanas (D:4)
  An orc wizard (D:4)
  3 adders
  An adder skeleton (D:4)
  4 worms
  2 dart slugs
  4 orcs
  6 endoplasms
  3 giant cockroaches
  7 goblins
  7 hobgoblins
  8 jackals (D:1)
  5 kobolds
  9 quokkas
  9 ball pythons
  4 bats
  4 frilled lizards
  2 rats (D:1)
91 creatures vanquished.

Notes
Turn   | Place    | Note
-------+----------+-------------------------------------------
     0 | D:1      | browni3141 the Formicid Fighter began the quest for the
                  | Orb.
     0 | D:1      | Reached XP level 1. HP: 18/18 MP: 1/1
   140 | D:1      | Reached XP level 2. HP: 24/24 MP: 2/2
   249 | D:1      | Reached skill level 3 in Long Blades
   403 | D:1      | Reached XP level 3. HP: 29/29 MP: 3/3
  1540 | D:1      | Reached skill level 4 in Long Blades
  1540 | D:1      | Reached XP level 4. HP: 24/35 MP: 4/4
  1727 | D:2      | Noticed a scorpion
  1741 | D:2      | Killed a scorpion
  1742 | D:2      | Reached XP level 5. HP: 25/41 MP: 5/5
  2038 | D:2      | Reached skill level 5 in Long Blades
  2144 | D:2      | Found a faded altar of an unknown god.
  2171 | D:2      | Noticed Jessica
  2200 | D:2      | Killed Jessica
  2727 | D:2      | Found a runed translucent door.
  2729 | D:2      | Noticed Crazy Yiuf
  3401 | D:4      | Reached skill level 6 in Long Blades
  3401 | D:4      | Reached XP level 6. HP: 46/47 MP: 6/6
  3544 | D:4      | Noticed a necrophage
  3555 | D:4      | Killed a necrophage
  3700 | D:4      | Reached XP level 7. HP: 50/52 MP: 7/7
  3723 | D:4      | Reached skill level 7 in Long Blades
  4277 | D:4      | Found an iron altar of Okawaru.
  4287 | D:4      | Became a worshipper of Warmaster Okawaru
  4590 | D:5      | Entered Level 5 of the Dungeon
  4627 | D:5      | Reached skill level 8 in Long Blades
  4950 | D:5      | Reached * piety under Okawaru
  4951 | D:5      | Reached XP level 8. HP: 36/58 MP: 8/8
  4960 | D:5      | HP: 1/58 [killer bee (2)]
  4962 | D:5      | Succumbed to a killer bee's poison

Illustrated notes

Levels and vault maps discovered:
D:1:      onia_arrival_mini_maze_b, layout_basic
D:2:      layout_basic, dreamdust_ecumenical_altar_hidden_monk_grotto,
          uniq_jessica, uniq_crazy_yiuf_cottage
D:3:      layout_basic
D:4:      layout_loops_corners, kennysheep_okawaru_gauntlet
D:5:      layout_cave_pools

Skill      XL: |  1  2  3  4  5  6  7 |
---------------+----------------------+-----
Long Blades    | 3 4 6 8 |  8.5
Fighting       | |  3.2
Armour         | |  3.2
Shields        | |  3.6

Action                   |  1- 3 |  4- 6 |  7- 9 || total
-------------------------+-------+-------+-------++-------
Melee: Long sword        |    98 |   152 |    81 ||   331
 Abil: Dig               |       |     2 |     4 ||     6
  Use: Potion            |     1 |       |     4 ||     5
Armor: Scale mail        |    36 |    60 |    28 ||   124
       Skin              |       |       |     2 ||     2
Dodge: Dodged            |    56 |    55 |    34 ||   145
Block: Buckler           |    24 |    25 |    16 ||    65

Table legend: (Time is in decaauts)
 A = Elapsed time spent in this place.
 B = Non-inter-level travel time spent in this place.
 C = Inter-level travel time spent in this place.
 D = Time resting spent in this place.
 E = Time spent auto-exploring this place.
 F = Levels seen in this place.
 G = Mean time per level.
                   A        B        C        D        E       F      G
               +--------+--------+--------+--------+--------+-----+--------+
         Total |   5011 |   4852 |    159 |    550 |   3443 |   5 | 1002.2 |
       Dungeon |   5011 |   4852 |    159 |    550 |   3443 |   5 | 1002.2 |
               +--------+--------+--------+--------+--------+-----+--------+

Top non-repeatable levels by time:
     D:1: 1580 daAuts
     D:4: 1329 daAuts
     D:2: 1219 daAuts
     D:3: 508 daAuts
     D:5: 373 daAuts
